 Dungeon Crawl Stone Soup version 0.21.1-1-g345015fe64 (webtiles) character file.

42 NullDivider the Sneak (level 3, 0/25 HPs)
             Began as an Octopode Assassin on Apr 30, 2018.
             Slain by an adder (3 damage)
             ... on level 2 of the Dungeon.
             The game lasted 00:03:17 (1367 turns).

NullDivider the Sneak (Octopode Assassin)           Turns: 1367, Time: 00:03:18

Health: 0/25       AC:  1    Str: 10    XL:     3   Next: 56%
Magic:  3/3        EV: 13    Int: 13    God:
Gold:   51         SH:  0    Dex: 14    Spells: 2/2 levels left

rFire    . . .     SeeInvis .   a - +2 dagger
rCold    . . .     Gourm    .   (no shield)
rNeg     . . .     Faith    .   (helmet restricted)
rPois    .         Spirit   .   (no amulet)
rElec    .         Reflect  .   (no ring)
rCorr    .         Harm     .   (no ring)
MR       .....                  (no ring)
Stlth    ++++......             (no ring)
HPRegen  0.08/turn              (no ring)
MPRegen  0.08/turn              (no ring)
                                (no ring)
                                (no ring)

@: no status effects
A: almost no armour, stealthy swim, amphibious, 8 rings, constrict 8, camouflage
1, gelatinous body 1
a: no special abilities


You were on level 2 of the Dungeon.
You were not hungry.

You visited 1 branch of the dungeon, and saw 2 of its levels.

You collected 51 gold pieces.

Inventory:

Hand Weapons
 a - a +2 dagger (weapon)
 b - a +0 blowgun
Missiles
 c - 8 poisoned needles
 d - 2 curare-tipped needles
Scrolls
 e - a scroll of immolation {unknown}
 g - a scroll of remove curse {unknown}
 h - a scroll of amnesia {unknown}
 i - a scroll of enchant weapon {unknown}
 m - a scroll of teleportation {unknown}
Potions
 j - a potion of curing {unknown}
 l - 2 potions of heal wounds {unknown}
 n - a potion of degeneration {unknown}
Comestibles
 f - 2 rations
 k - 2 chunks of flesh


   Skills:
 * Level 2.5 Fighting
 * Level 2.5 Short Blades
 + Level 2.2 Throwing
 * Level 1.7 Dodging
 + Level 5.5 Stealth


You had 2 spell levels left.
You didn't know any spells.

Dungeon Overview and Level Annotations

Branches:
Dungeon (2/15)

Altars:
Elyvilon


Innate Abilities, Weirdness & Mutations

You cannot wear most types of armour.
You are very stealthy in the water. (Stealth+)
You are amphibious.
You can wear up to eight rings at the same time.
You can use your tentacles to constrict eight enemies at once.
Your skin changes colour to match your surroundings (Stealth+).
Your rubbery body absorbs attacks. (AC +1, EV +1)


Message History

The worm is moderately wounded.
You constrict the worm. The worm bites you!
You are too injured to fight recklessly!
You release your grip on the worm.
You hit the worm. You grab the worm.
The worm is moderately wounded.
You constrict the worm. The worm bites you.
* * * LOW HITPOINT WARNING * * *
You hit the worm.
The worm is heavily wounded.
You constrict the worm. The kobold hits you but does no damage.
You hit the worm.
The worm is almost dead.
You constrict the worm. The adder barely misses you.
The kobold hits you with a club.
* * * LOW HITPOINT WARNING * * *
The worm bites you but does no damage.
You release your grip on the worm.
The adder bites you.
You die...

### .... #..##
######## ###...###
#......# #≈≈...≈≈#
#.####.###≈..♣..≈##
#.# #.@S.........##
.#########.#
#.#.(.♣._.♣...#
...........#
#.##Kw.†......#
######.#####
#.###(.(♣..≈#. #
#.# #.. #≈≈(..≈≈# #
#.# ... ###...### #
#.# ##. ....... ##
#.# #########
.#####.#


You could see a worm, an adder and a kobold.

Vanquished Creatures
  An adder (D:2)
  An ooze (D:1)
  A dart slug (D:1)
  A giant cockroach (D:1)
  4 goblins (D:1)
  6 hobgoblins (D:1)
  A kobold (D:1)
  A quokka (D:2)
  3 bats (D:1)
  A frilled lizard (D:1)
  6 rats
26 creatures vanquished.

Vanquished Creatures (others)
  A quokka (D:2)
1 creature vanquished.

Grand Total: 27 creatures vanquished

Notes
Turn   | Place    | Note
-------+----------+-------------------------------------------
     0 | D:1      | NullDivider the Octopode Assassin began the quest for the Orb.
     0 | D:1      | Reached XP level 1. HP: 14/14 MP: 1/1
   334 | D:1      | Reached XP level 2. HP: 9/19 MP: 2/2
   877 | D:1      | Reached XP level 3. HP: 25/25 MP: 3/3
  1344 | D:2      | Found a white marble altar of Elyvilon.
  1367 | D:2      | Slain by an adder

Action                   || total
-------------------------++-------
Melee: Dagger            ||    53
       Constrict         ||    12
       Tentacles         ||     4
 Stab: Sleeping          ||    11
  Eat: Chunk             ||     1
Armor: Skin              ||     6
Dodge: Dodged            ||    28
